 Dungeon Crawl Stone Soup version 0.25-a0-589-g1e14c549ee (webtiles) character file.

Game seed: 988803678046716816, levelgen mode: deterministic

56 An17 the Ruffian (level 3, 0/28 HPs)
             Began as a Draconian Transmuter on Mar 9, 2020.
             Slain by a gnoll
             ... wielding a +0 flail
              (4 damage)
             ... on level 3 of the Dungeon.
             The game lasted 00:10:35 (1388 turns).

An17 the Ruffian (Draconian Transmuter)             Turns: 1388, Time: 00:10:36

Health: 0/28       AC:  5    Str: 12    XL:     3   Next: 69%
Magic:  6/6        EV: 16    Int: 14    God:
Gold:   66         SH:  0    Dex: 11    Spells: 0/6 levels left

rFire    . . .     SeeInvis .     - Unarmed
rCold    . . .     Gourm    .   (no shield)
rNeg     . . .     Faith    .   (armour unavailable)
rPois    .         Spirit   .   (helmet restricted)
rElec    .         Reflect  .   (no cloak)
rCorr    .         Harm     .   (no gloves)
MR       .....                  (no boots)
Stlth    +.........             (no amulet)
HPRegen  0.09/turn              e - +4 ring of evasion
MPRegen  0.10/turn              (no ring)

@: no status effects
A: unfitting armour, cold-blooded, AC +5
a: no special abilities


You were on level 3 of the Dungeon.
You were not hungry.

You visited 1 branch of the dungeon, and saw 3 of its levels.

You collected 66 gold pieces.

Inventory:

Missiles
 a - 32 arrows
Jewellery
 e - a +4 ring of evasion (left hand)
 h - an uncursed amulet of faith
Potions
 b - a potion of magic
 d - a potion of flight
 f - 3 potions of curing
 i - a potion of stabbing
Comestibles
 c - 2 rations


   Skills:
 + Level 1.1 Fighting
 + Level 2.2 Dodging
 + Level 3.9 Unarmed Combat
 + Level 2.3 Spellcasting
 + Level 2.3 Transmutations


You couldn't memorise any spells.
You knew the following spells:

 Your Spells              Type           Power        Failure   Level  Hunger
a - Beastly Appendage     Tmut           #.....       9%          1    #......
b - Sticks to Snakes      Tmut           #.......     14%         2    ###....
c - Spider Form           Tmut/Pois      #.........   38%         3    ###....

Your spell library contained the following spells:

 Spells                   Type           Power        Failure   Level  Hunger
 Ice Form                 Ice/Tmut       #.......     80%         4    #####..
 Blade Hands              Tmut           #.........   94%         5    ######.


Dungeon Overview and Level Annotations

Branches:
Dungeon (3/15)

Altars:


Innate Abilities, Weirdness & Mutations

Your plain brown scales are hard. (AC +5)
You cannot fit into any form of body armour.
You are cold-blooded and may be slowed by cold attacks.


Message History

The jackal bites you but does no damage.
The jackal barely misses you.
The gnoll shouts!
You hit the gnoll.
The gnoll is moderately wounded.
The jackal misses you.
The jackal bites you but does no damage.
The gnoll hits you with a +0 flail. The jackal misses you.
You are too injured to fight recklessly!
You are too injured to fight recklessly!
The jackal completely misses you.
Your talons disappear.
The jackal barely misses you.
The jackal bites you but does no damage.
The gnoll hits you with a +0 flail!
* * * LOW HITPOINT WARNING * * *
There is a stone staircase leading up, spattered with blood here.
You can't go down here!
The jackal misses you. The gnoll hits you with a +0 flail.
You die...

##+## ##...##
##<.>..##
##.......##
(..####.........#
......'.........+
...####..@hg....#
##.gh....##
##.hg..##
#.......#
#.#'###.# #.#.#
.. #.#.# .. #.#..
. ...


You could see 3 gnolls and 3 jackals.

Vanquished Creatures
  An adder (D:2)
  A worm (D:2)
  A leopard gecko (D:1)
  3 giant cockroaches
  10 goblins
  5 hobgoblins
  3 jackals (D:1)
  4 bats
  A frilled lizard (D:1)
  3 kobolds
  6 rats
38 creatures vanquished.

Notes
Turn   | Place    | Note
-------+----------+-------------------------------------------
     0 | D:1      | An17 the Draconian Transmuter began the quest for the Orb.
     0 | D:1      | Reached XP level 1. HP: 16/16 MP: 3/3
   173 | D:1      | Reached XP level 2. HP: 9/23 MP: 1/5
   184 | D:1      | Learned a level 2 spell: Sticks to Snakes
   748 | D:1      | Reached XP level 3. HP: 28/28 MP: 6/6
   753 | D:1      | Learned a level 3 spell: Spider Form
  1388 | D:3      | Slain by a gnoll

Levels and vault maps discovered:
D:1:      sevenhm_arrival_forest_fort_large_2, layout_basic
D:2:      layout_rooms, feat_on_display
D:3:      layout_loops_corners, vehumet_crystals, cheibriados_altar_1,
          uniq_sigmund, uniq_jessica

Skill      XL: |  1  2 |
---------------+-------+-----
Dodging        | 2 |  2.2
Fighting       | |  1.1
Unarmed Combat | |  3.9
Spellcasting   | |  2.3
Transmutations | |  2.3

Action                   || total
-------------------------++-------
Melee: Unarmed           ||   116
       Kick              ||     9
       Headbutt          ||     3
       Tailslap          ||     3
       Punch             ||     3
 Cast: Beastly Appendage ||    14
  Use: Scroll            ||     9
  Eat: Ration            ||     1
Armor: Skin              ||    30
Dodge: Dodged            ||   109

Table legend:
 A = Non-vault XP
 B = Vault XP
 C = Vault XP percentage of total XP
 D = Non-vault monster count
 E = Vault monster count
 F = Vault count percentage of total count
                 A         B        C        D         E       F
            +---------+---------+-------+---------+---------+-------
      Total |      80 |       0 |   0.0 |      38 |       0 |   0.0
            +---------+---------+-------+---------+---------+-------
        D:1 |      43 |       0 |   0.0 |      24 |       0 |   0.0
        D:2 |      37 |       0 |   0.0 |      14 |       0 |   0.0
            +---------+---------+-------+---------+---------+-------
